[Event "Arona Festival 2024"]
[Site "Arona Tenerife"]
[Date "2024.06.25"]
[Round "6.6"]
[White "Stremavicius, Titas"]
[Black "Goutham Krishna H"]
[Result "1/2-1/2"]
[ECO "B07"]
[WhiteElo "2538"]
[BlackElo "2324"]
[Annotator "TA"]
[PlyCount "82"]
[EventDate "2024.06.20"]
[EventType "swiss"]
[EventCountry "ESP"]
[SourceTitle "playchess.com"]
[Source "ChessBase"]
[SourceQuality "1"]
[TimeControl "5400+30"]

1. d4 Nf6 2. Nf3 g6 3. Nbd2 Bg7 4. e4 d6 5. Bb5+ c6 6. Bd3 O-O 7. O-O Nh5 8. Re1 e5 9. dxe5 dxe5 10. a4 Qc7 11. c3 Rd8 12. Qc2 h6 13. Bf1 Be6 14. Nc4 Nd7 15. b4 b5 (15... Nb6 $11 {remains equal.} 16. Nb2 Nd7) 16. Ne3 ({White should try} 16. Na5 $16) 16... bxa4 17. Rxa4 a5 18. Bd2 c5 {[%emt 0:14:35] [#] And now ...cxb4 would win.} 19. bxa5 Rxa5 20. Rxa5 Qxa5 21. c4 Qa7 22. Bc3 Rb8 23. Rb1 Kh7 24. h4 Rxb1 25. Qxb1 Qa3 26. Qc2 Qa8 27. g3 Nhf6 28. Nd5 ({But not} 28. Bxe5 Nxe5 (28... Qxe4 29. Qxe4 Nxe4 30. Bc7 $11) 29. Nxe5 Nxe4 $15 (29... Qxe4 30. Nd3 $11)) 28... Qb8 29. Bd3 Bg4 30. Nd2 {[%emt 0:02:28] White is more active.} Bf8 31. Qb2 Qxb2 32. Bxb2 Bd6 33. Bc2 Nxd5 34. cxd5 {[%emt 0:04:26] [#] Threatens to win with f3.} Be2 35. f3 Bb5 36. Ba3 Nb6 37. Nb1 Kg8 38. Nc3 Ba6 39. Ba4 Kf8 40. Bb5 Bxb5 41. Nxb5 Ke7 {[%emt 0:00:01] Weighted Error Value: White=0.09 (flawless) /Black=0.08 (flawless) .  Mistake:       	White=1     	Black=1      Inaccurate:     	White=1     	Black=3      OK:         	White=10    	Black=15     Best:        	---       	Black=1} 1/2-1/2

[Event "Arona Festival 2024"]
[Site "Arona Tenerife"]
[Date "2024.06.25"]
[Round "6.7"]
[White "Baenziger, Fabian"]
[Black "Krysa, Leandro"]
[Result "1/2-1/2"]
[ECO "E01"]
[WhiteElo "2410"]
[BlackElo "2535"]
[Annotator "TA"]
[PlyCount "52"]
[EventDate "2024.06.20"]
[EventType "swiss"]
[EventCountry "ESP"]
[SourceTitle "playchess.com"]
[Source "ChessBase"]
[SourceQuality "1"]
[TimeControl "5400+30"]

1. d4 Nf6 2. c4 e6 3. Nf3 d5 4. g3 Bd6 5. Bg2 Nc6 6. O-O O-O 7. b3 dxc4 8. bxc4 e5 {[%emt 0:00:17] White is slightly better.} 9. c5 Be7 10. dxe5 Qxd1 11. Rxd1 Ne4 {[%emt 0:00:11][%cal Oc8g4] Dodges Nc3} 12. Ba3 (12. Nd4 {looks sharper.} Rd8 13. Be3 Nxd4 14. Bxd4 Bxc5 15. e3) 12... Bxc5 13. Bxc5 Nxc5 14. Nc3 Be6 15. Rdc1 a6 {[%emt 0:36:24] Dodges Nb5} 16. Rab1 Rab8 17. Rb2 Rfd8 18. Ng5 $1 Nxe5 19. Nxe6 (19. Nce4 $1 $14 {deserves consideration.} Nxe4 20. Bxe4) 19... fxe6 $11 20. Ne4 $1 Nxe4 21. Bxe4 c6 22. f4 Nd7 23. Rcb1 {[%emt 0:00:00] The position is equal.} b5 24. Bxc6 Nb6 25. Rc1 Rd4 26. Kf2 Kf7 {[%emt 0:02:52] Weighted Error Value: White=0.07 (flawless) /Black=0.08 (flawless) .  Mistake:       	White=1     	---        Inaccurate:     	White=1     	Black=2      OK:         	White=5     	Black=7      Best:        	White=2     	Black=2      Strong:       	White=2     	---} 1/2-1/2

[Event "Arona Festival 2024"]
[Site "Arona Tenerife"]
[Date "2024.06.25"]
[Round "6.8"]
[White "Peralta, Fernando"]
[Black "Admiraal, Miguoel"]
[Result "1-0"]
[ECO "D40"]
[WhiteElo "2562"]
[BlackElo "2451"]
[Annotator "TA"]
[PlyCount "78"]
[EventDate "2024.06.20"]
[EventType "swiss"]
[EventCountry "ESP"]
[SourceTitle "playchess.com"]
[Source "ChessBase"]
[SourceQuality "1"]
[TimeControl "5400+30"]

1. d4 e6 2. Nf3 c5 3. e3 Nf6 4. c4 d5 5. Nc3 a6 6. cxd5 exd5 7. Bd3 Nc6 8. O-O Bg4 9. h3 {[%emt 0:20:35] The position is equal.} Bh5 10. Re1 c4 {[%emt 0:07:32] [#]} (10... Qc7 $11) 11. e4 $1 $16 cxd3 (11... Be7 12. exd5) 12. exd5+ Ne7 {[%emt 0:01:39] [#]} 13. g4 $1 Nfxd5 (13... Bg6 $16 {was called for.}) 14. gxh5 $18 f6 15. Qb3 Nxc3 16. bxc3 Qd7 17. Re6 {[%emt 0:09:18] Hoping for Ba3.} Qb5 18. d5 Qxb3 19. axb3 O-O-O 20. c4 {[%emt 0:00:37] White is more active.} Nf5 21. Bf4 Bc5 22. Rd1 Rhe8 23. Rde1 (23. Rxd3 $2 {perishes.} Rxe6 24. Kf1 Re4 $19) 23... Rxe6 24. Rxe6 Kd7 25. Kf1 Re8 $132 {[%emt 0:03:37][%mdl 2048] Black is fighting back} 26. Rxe8 Kxe8 $11 {[%emt 0:00:01][%mdl 4096] Endgame. KBN-KBN} 27. Ke1 b5 28. Kd2 Bxf2 29. Kxd3 bxc4+ 30. bxc4 g5 (30... a5 $1 $14) 31. hxg6 $16 hxg6 32. Nd2 {[%emt 0:00:57] Threatens to win with Ne4.} g5 {[%emt 0:00:41] [#]} (32... a5 $16) 33. Bc7 $1 $18 {[%emt 0:01:17] Ne4 is the strong threat.} Kd7 $2 (33... Bg3 $16 {was worth a try.} 34. Ba5 Be1) 34. Ba5 Be1 35. c5 (35. Bc3 $18) 35... Ne7 $16 36. c6+ Nxc6 $2 (36... Ke8 $16) 37. dxc6+ $18 {[%emt 0:00:05] White is clearly winning.} Kxc6 38. Bd8 Bh4 39. Nf3 (39. Bxf6 $142 Kd6 40. Nf3) 39... Kd5 {[%emt 0:00:30] Weighted Error Value: White=0.15 (very precise) /Black=0.26 (precise) .  Loses game:     	---       	Black=2      Mistake:       	White=1     	Black=4      Inaccurate:     	White=2     	---        OK:         	White=9     	Black=11     Best:        	White=4     	Black=4      Strong:       	White=3     	---} 1-0

[Event "Arona Festival 2024"]
[Site "Arona Tenerife"]
[Date "2024.06.25"]
[Round "6.9"]
[White "Tsolakidou, Stavroula"]
[Black "Socko, Bartosz"]
[Result "1/2-1/2"]
[ECO "C72"]
[WhiteElo "2421"]
[BlackElo "2556"]
[Annotator "TA"]
[PlyCount "87"]
[EventDate "2024.06.20"]
[EventType "swiss"]
[EventCountry "ESP"]
[SourceTitle "playchess.com"]
[Source "ChessBase"]
[SourceQuality "1"]
[TimeControl "5400+30"]

1. e4 e5 2. Nf3 Nc6 3. Bb5 a6 4. Ba4 d6 5. O-O Bd7 6. c4 Nf6 7. Nc3 Be7 8. Re1 O-O 9. Bxc6 Bxc6 10. d4 exd4 11. Nxd4 Nd7 12. b3 Bf6 {[%emt 0:00:50] White is slightly better.} 13. Bb2 Re8 14. Qd2 Nc5 15. f3 Be5 16. b4 Ne6 17. Nf5 Qg5 (17... b5 $5) 18. Rad1 (18. Qxg5 {simplifies} Nxg5 19. Rab1 Bxc3 20. Bxc3 f6 21. Ne3) 18... Qxd2 19. Rxd2 Kf8 20. Nd5 Bxb2 21. Rxb2 a5 22. a3 axb4 23. axb4 Ra4 24. Rd1 Rea8 25. Rdd2 g6 26. Nfe3 b6 27. Kf2 Ra3 28. Nxc7 Nxc7 29. Rxd6 Be8 30. Rxb6 Rd8 31. Nd5 Nxd5 32. cxd5 Ke7 33. Rc2 Rda8 34. Kg3 Bd7 35. Rc7 Kd8 36. Rcb7 {[%emt 0:02:07] [#] Hoping for Rd6.} ({Much worse is} 36. Rbb7 Bc8 37. Rxf7 Bxb7 38. Rxb7 R8a4 39. Rxh7 Rxb4 40. Rh8+ Ke7 $19) 36... R3a6 37. Rxa6 Rxa6 $11 {[%emt 0:00:05][%mdl 4096] Endgame. KRB-KR} 38. b5 Rd6 {[%emt 0:06:14] The position is equal.} 39. Kf4 {[%emt 0:02:17] Threatens to win with Ke5.} f6 40. b6 Kc8 {[%emt 0:00:02] Inhibits Rb8+.} 41. Rc7+ Kd8 42. Rb7 Kc8 {[%emt 0:01:22] Against Rb8+} 43. Rc7+ Kd8 44. Rb7 {[%emt 0:00:05] Weighted Error Value: White=0.06 (flawless) /Black=0.05 (flawless) .  Inaccurate:     	White=2     	---        OK:         	White=16    	Black=16     Best:        	White=2     	Black=2} 1/2-1/2

[Event "Arona Festival 2024"]
[Site "Arona Tenerife"]
[Date "2024.06.27"]
[Round "7.1"]
[White "David, Alberto"]
[Black "Gorshtein, Ido"]
[Result "1/2-1/2"]
[ECO "B12"]
[WhiteElo "2502"]
[BlackElo "2563"]
[Annotator "TA"]
[PlyCount "152"]
[EventDate "2024.06.20"]
[EventType "swiss"]
[EventCountry "ESP"]
[SourceTitle "playchess.com"]
[Source "ChessBase"]
[SourceQuality "1"]
[TimeControl "5400+30"]

1. e4 c6 2. d4 d5 3. f3 e6 4. Nc3 Bb4 5. Bd2 dxe4 6. Nxe4 Be7 7. Qe2 Nd7 8. O-O-O Ngf6 9. Qe1 O-O 10. Bd3 e5 11. Ng3 (11. Ba5 $11 Qe8 12. Bc3) 11... exd4 $15 12. Nf5 Re8 (12... Bc5 $15 13. Qg3 Nh5) 13. Qg3 $1 $14 Nh5 14. Qg4 Ndf6 15. Nxe7+ Rxe7 16. Qh4 {[%emt 0:00:05] Strongly threatening g4.} Qd5 17. b3 (17. Kb1 $14) 17... Qd6 $36 {[%emt 0:05:31][%mdl 2048] White is under pressure.} 18. Ne2 {[%emt 0:00:46][%cal Oh1e1] [#]} Bf5 $1 {[%emt 0:02:07] Hoping for ...Bxd3.} 19. Qxd4 Qxd4 20. Nxd4 Bxd3 21. cxd3 {[%emt 0:00:02] And now g4 would win.} Nd5 22. g3 {[%emt 0:02:33] Repels Nhf4} g6 23. Rhe1 Rae8 24. Rxe7 Rxe7 25. Re1 Rxe1+ 26. Bxe1 $11 {[%emt 0:00:02][%mdl 4096] Endgame. KBN-KNN} Ng7 27. Kd2 Kf8 28. Ke2 Ke7 29. Bd2 Ne8 30. g4 Nec7 31. Kf2 Kd6 32. h4 Ke5 33. Ne2 Ne6 34. Be3 c5 35. Bxc5 Nxc5 36. d4+ Kd6 37. dxc5+ Kxc5 $17 {[%emt 0:00:06] aiming for ...Kb4. KN-KN} 38. a3 Nc7 (38... a5 $17 39. Ke1 Kd6) 39. Ke3 $11 Nb5 40. a4 Nc7 41. Kd3 Kb4 42. Nd4 Ne6 43. Nxe6 fxe6 $15 {[%emt 0:00:03] KP-KP} 44. Kd4 (44. f4 $15) 44... Kxb3 $19 45. a5 (45. f4 $17) 45... Kb4 $2 (45... Kc2 $1 $19 46. Ke5 Kd3) 46. Ke5 $15 Kxa5 {[%emt 0:00:05] ...b5 is the strong threat.} 47. Kxe6 b5 48. f4 b4 49. f5 gxf5 50. gxf5 {[%emt 0:00:05] K3P-KPP} b3 51. f6 b2 52. f7 b1=Q {[%emt 0:00:06] ( -> ...Qb4)} (52... b1=B 53. f8=Q (53. f8=R Bg6 $16) (53. Ke7 Bg6 $18) 53... Ba2+ 54. Ke5 (54. Ke7 h5 $18) 54... Kb5 55. Qb8+ Kc6 56. Qd6+ (56. Qxa7 Bb3 57. Qa3 Bg8 58. Qa8+ Kc5 59. Qxg8 Kc6 60. Qa8+ Kc5 61. Qd5+ Kb4) 56... Kb5 57. Kd4) 53. f8=Q {[%emt 0:00:04] KQ-KQ} Qe4+ 54. Kd7 Qb7+ 55. Ke6 Qb6+ 56. Kd7 Qb7+ 57. Ke6 Qc6+ 58. Ke5 h5 (58... Kb5 $15 59. Qd8 a5) 59. Qd8+ (59. Kd4 $11) 59... Ka6 (59... Kb5 $1 $15) 60. Kf5 $11 Qc5+ 61. Kf4 Kb5 62. Qe8+ Kb4 63. Qe1+ Ka4 {[%emt 0:00:43] ...Qb4+ would now be deadly.} 64. Qd1+ {[%emt 0:01:36] [#]} Ka5 ({Black should try} 64... Kb5 $1 $17) 65. Qd8+ (65. Kf3 $11) 65... Kb5 66. Qe8+ Kb6 (66... Kc4 $1 $15) 67. Qb8+ $1 Ka6 68. Qe8 {[%emt 0:00:06] [#]} (68. Qd8 $11 {keeps the balance.}) 68... Qb4+ ({Better is} 68... Kb7 $1 $17) 69. Kf3 $1 {[%emt 0:00:59] The position is equal.} Qb3+ 70. Kf2 Qb2+ 71. Kf3 Qd4 72. Qe6+ Qb6 73. Qa2+ Qa5 74. Qe6+ Kb7 75. Qf7+ Ka6 76. Qg6+ Kb7 {[%emt 0:00:08] Weighted Error Value: White=0.31/Black=0.27 (precise) .  Loses game:     	White=1     	---        Missed win:     	---       	Black=1      Mistake:       	White=6     	Black=7      Inaccurate:     	White=1     	Black=3      OK:         	White=26    	Black=25     Best:        	White=12    	Black=4      Strong:       	White=3     	---        Brilliant:      	---       	Black=1} 1/2-1/2

[Event "Arona Festival 2024"]
[Site "Arona Tenerife"]
[Date "2024.06.27"]
[Round "7.2"]
[White "Xue, Haowen"]
[Black "Sankalp Gupta"]
[Result "1-0"]
[ECO "A29"]
[WhiteElo "2452"]
[BlackElo "2552"]
[Annotator "TA"]
[PlyCount "113"]
[EventDate "2024.06.20"]
[EventType "swiss"]
[EventCountry "ESP"]
[SourceTitle "playchess.com"]
[Source "ChessBase"]
[SourceQuality "1"]
[TimeControl "5400+30"]

1. c4 e5 2. Nc3 Nf6 3. Nf3 Nc6 4. g3 d5 5. cxd5 Nxd5 6. Bg2 Bc5 7. O-O O-O 8. d3 h6 9. Nxd5 Qxd5 10. Bd2 Qd6 11. Bc3 Bb6 12. Nd2 Be6 13. Nc4 Bxc4 14. dxc4 Bd4 15. Qa4 Bxc3 16. bxc3 Qd2 17. Rab1 Nd8 18. Bf3 Qxc3 19. Rfc1 Qd4 20. Rd1 Qc5 21. Rb5 Qe7 22. Bxb7 Nxb7 23. Rxb7 Rfd8 24. Rd5 e4 25. Rxa7 Rab8 26. Qc6 Rf8 27. Qc5 Qe6 {[%emt 0:02:02] [#]} 28. Kg2 $1 (28. Qxc7 e3 29. Qf4 exf2+ 30. Kxf2 Rfe8 $17) 28... Qg4 29. Qe3 (29. Qxc7 Qxe2 30. Qc5 Qf3+ (30... Rb1 $2 31. Qxf8+ Kh7 32. Kh3 $18) 31. Kh3 Rbc8 $11) 29... Rb2 30. Rd2 (30. Rxc7 $6 Rxe2 31. h3 Rxe3 $14) 30... Rxd2 31. Qxd2 e3 32. Qxe3 Qxc4 33. a3 (33. a4 $18) 33... Rb8 (33... Rc8 $16) 34. Ra5 Qc6+ 35. Qf3 Qd6 36. Qd5 (36. Ra8 $142 c5 37. a4) 36... Qe7 (36... Qxd5+ $142 37. Rxd5 Ra8) 37. e3 Qf6 (37... Qe8 $16 {keeps fighting.} 38. Qc4 Rb6) 38. Rc5 ({White should play} 38. Ra8 $18 Rxa8 39. Qxa8+ Kh7 40. Qd5) 38... Rb2 39. Qa8+ (39. Rxc7 $2 Qxf2+ (39... Rxf2+ 40. Kg1 $11) 40. Kh3 Qf1+ (40... Qxh2+ $2 41. Kg4 $19) 41. Kg4 Rf2 $19 (41... Rxh2 42. Rc8+ Kh7 43. Qf5+ Qxf5+ 44. Kxf5 $17) (41... Rxh2 42. Rc8+ Kh7 43. Qf5+ Qxf5+ 44. Kxf5 $17)) 39... Kh7 40. Qe4+ (40. Rxc7 Qxf2+ 41. Kh3 Qf5+ (41... Qxh2+ $2 42. Kg4 $19) 42. g4 Qf1+ 43. Kh4 Rxh2+ 44. Kg3 Rh3#) 40... Kg8 {[%emt 0:01:46] [#]} 41. Rf5 $1 (41. Rxc7 Qxf2+ (41... Rxf2+ 42. Kg1 $11) 42. Kh3 Qf1+ (42... Qxh2+ $2 43. Kg4 $19) 43. Kg4 h5+ (43... Rxh2 44. Rc8#) (43... Qd1+ 44. Qf3 f5+ 45. Kf4 g5+ 46. Ke5 Rb5+ 47. Ke6 Qxf3 48. Rc8+ Kg7 49. Rc7+ Kg6 50. Ke7 Qe4+ 51. Kd7 Qd5+ 52. Ke7 Rb6 53. Rc6+ Rxc6 54. h3 Qe6+ 55. Kf8 Qf7#) 44. Kxh5 Qh3+ (44... Rxh2+ 45. Kg4 f5+ 46. Qxf5 Qh3+ 47. Kf4 Rf2+ 48. Ke5 Qxf5+ 49. Kd4 Rd2+ 50. Kc4 Qd3+ 51. Kc5 Qc3+ 52. Kb5 Rb2+ 53. Ka4 Qb3+ 54. Ka5 Qxa3#) 45. Kg5 f6+ (45... Qxh2 46. Rc8#) 46. Kf4 g5+ (46... Rxh2 47. Rxg7+ Kh8 48. Rg8+ Kxg8 49. Qe8+ Kg7 50. Qe7+ Kg8 51. Qe8+ Kg7 52. Qe7+ Kg8 53. Qe8+ $11) 47. Kf3 Qg2+ (47... Qxh2 48. Qe8#) 48. Kg4 Qxe4+ 49. Kh3 g4+ 50. Kh4 Rxh2#) 41... Qd6 42. a4 g6 43. Rf4 Kg7 $2 (43... Qd7 44. h4 Rd2) 44. a5 $2 (44. Qc4 $18 {and the rest is easy.} f5 45. Qc3+ Kg8 46. Qxb2 Qc6+ 47. Kg1) 44... Rb8 (44... c5 $16 45. h4 Qc7) 45. Qc4 Qe7 46. Qd4+ Kg8 47. Re4 Qd6 $2 (47... Qd8 48. Qc4 Ra8) 48. Qxd6 $18 cxd6 49. Ra4 Kf8 50. a6 Ke7 51. Kf3 Kd7 52. a7 Ra8 53. Ke4 Kc6 54. Kd4 h5 (54... Kb5 $142 55. Ra3 Kc6) 55. h4 $18 Kb5 56. Ra2 Kc6 57. e4 1-0

[Event "Arona Festival 2024"]
[Site "Arona Tenerife"]
[Date "2024.06.27"]
[Round "7.3"]
[White "Paichadze, Luka"]
[Black "Pichot, Alan"]
[Result "1/2-1/2"]
[ECO "B53"]
[WhiteElo "2504"]
[BlackElo "2640"]
[Annotator "TA"]
[PlyCount "83"]
[EventDate "2024.06.20"]
[EventType "swiss"]
[EventCountry "ESP"]
[SourceTitle "playchess.com"]
[Source "ChessBase"]
[SourceQuality "1"]
[TimeControl "5400+30"]

1. e4 c5 2. Nf3 d6 3. d4 cxd4 4. Qxd4 Nf6 5. Be2 Nc6 6. Qe3 g6 7. O-O Bg7 8. Rd1 O-O 9. Nc3 Bg4 (9... Ng4 {keeps more tension.} 10. Qg5 Qb6 11. Qh4 Bf6) 10. Nd5 Nd7 11. h3 Bxf3 12. Bxf3 e6 13. Nf4 Qc7 14. c3 {[%emt 0:00:54] Inhibits Nb4.} b5 15. Be2 b4 16. Bd2 Rab8 17. b3 a5 18. Rac1 Qb7 19. Nd3 Rfc8 20. Bf1 Ra8 21. Qe1 Nde5 22. Nb2 bxc3 23. Rxc3 Nb4 {[%emt 0:02:08] A dynamic duo of knights.} 24. Rxc8+ Rxc8 25. Bxb4 axb4 26. Rxd6 {[%emt 0:02:47] [#]} Nf3+ $1 27. gxf3 Bxb2 28. Ba6 Qc7 (28... Qe7 $5 29. Qd2 Bc1 $11) 29. Rd2 {[%emt 0:06:23] The position is equal.} (29. Qxb4 $2 {loses.} Qc1+ 30. Kg2 Qg5+ 31. Kf1 Rc1+ 32. Ke2 Bc3 33. Qb8+ Kg7 $19) 29... Qc1 30. Qxc1 Rxc1+ $11 {[%emt 0:00:55][%mdl 4096] Endgame. KRB-KRB} 31. Kg2 Be5 {[%emt 0:00:36][%mdl 1024] Black has compensation.} 32. Bb5 g5 33. Bc4 Kg7 34. Rd7 Kf6 35. Rb7 Rc2 36. Rxb4 Bd4 37. Bd3 Rxf2+ 38. Kg3 Ba7 39. Ra4 Bb6 40. Rb4 Ba7 41. Ra4 Bb6 42. Rb4 {[%emt 0:00:34] Weighted Error Value: White=0.05 (flawless) /Black=0.04 (flawless) .  Inaccurate:     	White=2     	Black=2      OK:         	White=19    	Black=21     Best:        	White=2     	---} 1/2-1/2

[Event "Arona Festival 2024"]
[Site "Arona Tenerife"]
[Date "2024.06.27"]
[Round "7.4"]
[White "Goutham Krishna H"]
[Black "Peralta, Fernando"]
[Result "1/2-1/2"]
[ECO "A08"]
[WhiteElo "2324"]
[BlackElo "2562"]
[Annotator "TA"]
[PlyCount "68"]
[EventDate "2024.06.20"]
[EventType "swiss"]
[EventCountry "ESP"]
[SourceTitle "playchess.com"]
[Source "ChessBase"]
[SourceQuality "1"]
[TimeControl "5400+30"]

1. g3 e5 2. Bg2 d5 3. d3 c5 4. Nf3 Nc6 5. O-O Nf6 6. e4 d4 7. a4 Bd6 8. Na3 O-O 9. Nd2 Bc7 {[%emt 0:05:39] Black has an edge.} 10. f4 Ng4 11. Ndc4 {[%emt 0:07:53] Prevents Ne3.} exf4 12. gxf4 f5 (12... a6 $11 {is superior.}) 13. e5 $14 a6 {[%emt 0:01:11] Prevents Nb5.} 14. Qf3 Be6 15. Bd2 Rb8 16. Qe2 Bd5 17. Bxd5+ Qxd5 18. h3 Nh6 {[%emt 0:00:52] ...b5 would now be deadly.} 19. a5 $1 Rbe8 20. Nb6 Bxb6 21. axb6 Nf7 22. Qf3 Qd8 23. Nc4 Re6 24. Rf2 Kh8 25. Kh2 Rg8 26. Rg1 g6 27. b3 Qd7 28. Rb1 Rc8 29. b4 cxb4 30. Bxb4 Nxb4 31. Rxb4 Rc5 32. Re2 Rb5 33. Ra4 Kg7 34. Ra1 Kf8 {[%emt 0:15:22] Weighted Error Value: White=0.07 (flawless) /Black=0.09 (flawless) .  Mistake:       	---       	Black=1      Inaccurate:     	White=3     	Black=3      OK:         	White=8     	Black=12     Best:        	White=1     	Black=1      Strong:       	White=1     	---} 1/2-1/2

[Event "Arona Festival 2024"]
[Site "Arona Tenerife"]
[Date "2024.06.27"]
[Round "7.5"]
[White "Kochavi, Ori"]
[Black "Stremavicius, Titas"]
[Result "1/2-1/2"]
[ECO "C70"]
[WhiteElo "2394"]
[BlackElo "2538"]
[Annotator "TA"]
[PlyCount "52"]
[EventDate "2024.06.20"]
[EventType "swiss"]
[EventCountry "ESP"]
[SourceTitle "playchess.com"]
[Source "ChessBase"]
[SourceQuality "1"]
[TimeControl "5400+30"]

1. e4 e5 2. Nf3 Nc6 3. Bb5 a6 4. Ba4 b5 5. Bb3 Na5 6. O-O d6 7. d4 exd4 8. Re1 Be7 9. Nxd4 {[%emt 0:06:23] [#] Bd5 would now be deadly.} Bb7 {[%emt 0:10:09] White has an edge.} 10. Nf5 {[%emt 0:07:03] White is more active.} Nxb3 11. axb3 Bf6 12. Nc3 Ne7 13. Nd5 Bxd5 14. exd5 {[%emt 0:00:11][%cal Oe1e7] [#] Black must now prevent Rxe7+!} O-O 15. Nxe7+ Bxe7 16. b4 Re8 17. c3 Bf6 18. Be3 Qd7 19. Qd3 Re5 20. Ra3 Bg5 {[%emt 0:03:28] The position is equal.} 21. Raa1 {[%emt 0:06:57] aiming for f4.} Bxe3 22. Rxe3 Rxe3 23. Qxe3 Qf5 24. Re1 {[%emt 0:05:30][%cal Oe3e8] Threatening mate with Qe8+!} g6 ({And not} 24... Qxd5 25. Qe8+ Rxe8 26. Rxe8#) 25. Qd2 Qd7 26. h3 h5 {[%emt 0:16:09] Weighted Error Value: White=0.09 (flawless) /Black=0.04 (flawless) .  Inaccurate:     	White=2     	Black=2      OK:         	White=5     	Black=10     Best:        	---       	Black=1} 1/2-1/2

[Event "Arona Festival 2024"]
[Site "Arona Tenerife"]
[Date "2024.06.27"]
[Round "7.6"]
[White "Krysa, Leandro"]
[Black "Zhao, Yuanhe"]
[Result "0-1"]
[ECO "E71"]
[WhiteElo "2535"]
[BlackElo "2463"]
[Annotator "TA"]
[PlyCount "123"]
[EventDate "2024.06.20"]
[EventType "swiss"]
[EventCountry "ESP"]
[SourceTitle "playchess.com"]
[Source "ChessBase"]
[SourceQuality "1"]
[TimeControl "5400+30"]

1. d4 Nf6 2. c4 g6 3. Nc3 Bg7 4. e4 d6 5. h3 O-O 6. Be3 e5 7. d5 Na6 8. g4 {E71: King's Indian: 4 e4 d6 5 h3.} Nc5 9. f3 a5 10. Qd2 {[%emt 1:29:37] 10.Nge2 gains popularity.} c6 11. Nge2 cxd5 12. cxd5 h5 13. Nc1 a4 $146 ({Predecessor:} 13... Ne8 14. Nd3 b6 15. O-O-O h4 16. Kb1 Nc7 17. g5 a4 18. Nb4 Bd7 19. Rg1 Qe7 {1-0 Zakhartsov,V (2547)-Matinian,N (2407) ChessKid Cup Play In blitz 2023 (8)}) 14. Nd3 Nfd7 15. Nxc5 Nxc5 16. O-O-O h4 17. Bxc5 dxc5 18. Kb1 a3 19. b3 Qa5 20. Bc4 Bd7 21. Qd3 Rfb8 22. Nb5 Qb4 23. Qd2 (23. d6 $11 Bxb5 24. Bxb5) 23... Qxd2 $17 24. Rxd2 Ra5 25. Nc3 Bh6 26. Rc2 b5 27. Be2 Be3 28. Rd1 c4 29. b4 Ra6 30. Bf1 Bd4 31. Ne2 Bb2 32. Nc3 Rba8 33. Rxb2 axb2 34. Kxb2 Kf8 35. Bg2 Ke7 36. f4 exf4 37. e5 R8a7 (37... Kf8 $19 38. Re1 Kg7) 38. g5 {[%emt 0:02:55] [#]} (38. a4 Rxa4 (38... bxa4 39. d6+ Kd8 40. Ka3 $11) 39. Nxa4 Rxa4) (38. d6+ $17 {was necessary.} Ke8 (38... Ke6 39. Re1 $16) 39. g5) 38... Ra3 $1 $19 39. Rd4 $2 (39. Rf1 Bf5 40. Rc1 (40. Rxf4 $2 Rxc3 41. d6+ Ke6 $19)) 39... f3 40. Bf1 Rxc3 41. Kxc3 Rxa2 42. Rd1 Rh2 43. d6+ Ke6 44. Kd4 Rb2 45. Kc5 Rb3 46. Re1 f2 47. Re2 Rf3 48. Kd4 Rd3+ 49. Ke4 Bc6+ 50. Kf4 Rd4+ 51. Ke3 Re4+ 52. Kxf2 Rxe2+ (52... Kxe5 $2 {too greedy.} 53. Rxe4+ Kxd6 54. Rxh4 $18) 53. Bxe2 Kxe5 54. Ke3 Bd7 55. Bf1 Kxd6 56. Kd4 Bc6 57. Be2 Bd5 58. Bf1 Be6 59. Bg2 Bd7 60. Bf1 Ke7 61. Ke3 f6 62. Kd4 0-1

[Event "Arona Festival 2024"]
[Site "Arona Tenerife"]
[Date "2024.06.27"]
[Round "7.7"]
[White "Sosa, Tomas"]
[Black "Ayush Sharma"]
[Result "1/2-1/2"]
[ECO "B22"]
[WhiteElo "2535"]
[BlackElo "2325"]
[Annotator "TA"]
[PlyCount "72"]
[EventDate "2024.06.20"]
[EventType "swiss"]
[EventCountry "ESP"]
[SourceTitle "playchess.com"]
[Source "ChessBase"]
[SourceQuality "1"]
[TimeControl "5400+30"]

1. e4 c5 2. c3 Nf6 3. e5 Nd5 4. Nf3 Nc6 5. Bc4 Nb6 6. Bb3 d5 7. exd6 Qxd6 8. O-O Be6 9. Bxe6 Qxe6 10. a4 a6 11. d4 cxd4 12. cxd4 Qd7 13. Nc3 {[%emt 0:00:13] [#] Threatens to win with Qb3.} e6 {[%emt 0:00:28] The position is equal.} 14. Qb3 Bb4 15. Rd1 O-O 16. a5 Nd5 (16... Nxa5 $2 17. Qxb4 Nac4 18. b3 $18) (16... Bxa5 $6 17. Rxa5 Nxa5 18. Qxb6 $16) 17. Ne5 Nxe5 ({But not} 17... Nxa5 $2 18. Qxb4 (18. Nxd7 Nxb3 19. Nxd5 exd5 $15) 18... Nxb4 19. Nxd7 $18) 18. Nxd5 Qxd5 19. Qxd5 exd5 20. dxe5 Rac8 21. Rxd5 Rfd8 22. Rxd8+ Rxd8 $11 {[%emt 0:00:02][%cal Rd8d1][%mdl 4096] [#] Endgame. KRB-KRB} 23. Be3 Bxa5 24. f4 Rd5 25. Rc1 h5 26. Kf2 Rb5 27. Rc8+ Kh7 28. Bc1 Kg6 29. h3 Kf5 30. Rf8 Ke4 {[%emt 0:01:22] aiming for ...Rc5.} 31. Ke2 $1 (31. Rxf7 $2 {perishes.} Rc5 32. e6 Rc2+ (32... Rxc1 $2 {too greedy.} 33. e7 $18) 33. Kf1 Rxc1+ $19) 31... Rc5 32. Kd1 Rc7 33. Rg8 g6 34. e6 Kf5 35. exf7 Rxf7 36. Ke2 h4 {[%emt 0:03:06] An interesting draw.   Weighted Error Value: White=0.02 (flawless) /Black=0.04 (flawless) .  Inaccurate:     	White=1     	Black=1      OK:         	White=16    	Black=13     Best:        	White=1     	Black=1      Strong:       	White=1     	---} 1/2-1/2